Map: Ascension to Aiur LE

Players

YouVladBro

  • Race: Zerg Zerg
  • League: Diamond
  • Spawn Location: 5:00

HEMORRHOIDS - Winner!

  • Race: Protoss Protoss
  • League: Diamond
  • Spawn Location: 11:00

VOD

Have the link to the VOD?

Description

Time

  • Played on: Dec. 14, 2017, 2:33 p.m.
  • Length: 12:18
Show
View Real Time Build Order
Export as new Build Order

YouVladBro Zerg 

Build Orders: Hatch First 

Get SALT Encoding   

  12  0:01  Drone  
  13  0:08  Drone  
  14  0:15  Extractor  
  14  0:16  Drone  
  15  0:25  Overlord  
  15  0:44  Drone x2  
  17  0:52  Hatchery  
  16  0:58  Extractor, Drone  
  16  1:01  Drone  
  17  1:21  Spawning Pool  
  17  1:22  Drone  
  17  1:23  Drone  
  18  1:34  Drone  
  18  1:39  Drone  
  20  1:49  Drone  
  21  2:00  Drone  
  22  2:15  Spine Crawler  
  21  2:16  Spine Crawler  
  21  2:22  Spine Crawler, Drone x4  
  23  2:24  Queen  
  25  2:32  Spine Crawler  
  24  2:39  Zergling x4  
  24  2:40  Zergling x2  
  27  2:49  Metabolic Boost  
  27  3:16  Overlord x3, Roach Warren  
  26  3:24  Lair  
  26  3:50  Drone x2  
  26  3:51  Drone x2  
  26  3:52  Drone  
  31  4:15  Overlord x2  
  31  4:32  Extractor  
  31  4:35  Roach x3  
  36  4:48  Roach  
  38  4:54  Roach x3  
  44  5:01  Ravager  
  44  5:05  Overlord  
  41  5:38  Roach x2  
  41  5:39  Roach x2  
  49  6:01  Hydralisk Den  
  48  6:11  Roach x2  
  52  6:21  Spore Crawler  
  52  6:25  Spore Crawler  
  50  6:27  Spore Crawler  
  50  6:31  Hydralisk x2  
  53  6:38  Lurker Den  
  52  6:54  Drone  
  53  6:55  Overlord x3  
  53  7:02  Overlord  
  53  7:18  Hydralisk x4  
  61  8:04  Hydralisk  
  61  8:05  Hydralisk x5  
  69  8:16  Spore Crawler  
  69  8:18  Spore Crawler  
  67  8:29  Hydralisk Den  
  47  8:58  Hydralisk x4  
  55  9:07  Overlord  
  55  9:21  Hydralisk  
  48  9:41  Hydralisk x2  
  40  10:08  Hydralisk x2  
  42  10:16  Hydralisk  
  44  10:26  Hydralisk  
  44  10:28  Hatchery  
  45  10:29  Queen  
  45  10:50  Hydralisk x2  
  47  10:58  Hydralisk  
  49  11:06  Hydralisk  
Show
View Real Time Build Order
Export as new Build Order

HEMORRHOIDS Protoss - Winner!

Build Orders: Cannon Rush 

Get SALT Encoding   

  12  0:00  Probe  
  13  0:13  Probe  
  14  0:22  Pylon  
  14  0:27  Probe  
  15  0:40  Probe  
  16  0:46  Forge  
  16  0:52  Probe (Chrono Boost)  
  17  1:03  Probe (Chrono Boost)  
  18  1:06  Pylon  
  18  1:07  Probe  
  19  1:19  Probe  
  19  1:24  Photon Cannon  
  20  1:31  Probe  
  21  1:39  Photon Cannon  
  21  1:44  Photon Cannon  
  21  1:50  Photon Cannon  
  21  2:00  Probe  
  22  2:08  Assimilator  
  22  2:12  Probe  
  23  2:21  Assimilator  
  23  2:24  Probe  
  23  2:25  Assimilator  
  24  2:36  Probe  
  25  2:48  Gateway, Photon Cannon  
  25  2:49  Probe (Chrono Boost)  
  25  2:51  Pylon  
  26  3:01  Probe (Chrono Boost)  
  27  3:08  Probe (Chrono Boost)  
  28  3:15  Nexus  
  28  3:18  Pylon  
  28  3:59  Assimilator  
  28  4:03  Assimilator  
  28  4:07  Photon Cannon  
  28  4:12  Cybernetics Core  
  28  4:19  Pylon  
  28  4:29  Probe  
  29  4:41  Probe  
  30  4:53  Probe  
  30  4:55  Shield Battery  
  30  4:56  Shield Battery  
  30  4:58  Shield Battery  
  31  5:00  Pylon  
  31  5:03  Stargate  
  31  5:05  Stargate, Probe  
  32  5:12  Probe  
  33  5:17  Probe  
  34  5:24  Probe  
  34  5:28  Photon Cannon  
  35  5:36  Probe  
  36  5:43  Pylon  
  36  5:48  Probe  
  36  5:49  Stargate  
  37  5:57  Fleet Beacon  
  37  6:00  Probe  
  38  6:13  Probe  
  38  6:15  Pylon  
  39  6:35  Shield Battery  
  39  6:38  Shield Battery  
  39  6:39  Shield Battery  
  39  6:40  Shield Battery  
  39  6:42  Shield Battery  
  39  6:43  Photon Cannon  
  39  6:45  Shield Battery  
  39  6:46  Pylon  
  39  6:48  Photon Cannon  
  39  6:51  Tempest x2 (Chrono Boost)  
  57  7:07  Tempest (Chrono Boost)  
  57  7:27  Tempest x2 (Chrono Boost)  
  69  7:51  Tempest  
  75  8:07  Tempest  
  75  8:12  Shield Battery  
  81  8:14  Tempest  
  81  8:16  Pylon  
  87  8:55  Photon Cannon  
  87  9:03  Sentry (Chrono Boost)  
  89  9:11  Pylon  
  89  9:13  Pylon  
  89  9:28  Pylon  
  89  10:22  Tempest x2  
  89  10:23  Nexus  
  89  10:25  Pylon  
  101  10:32  Pylon  
  101  10:42  Tempest  
  107  11:34  Tempest  
Tags
 
Add a new tag
Caveats
  • Supply blocks, unpowered buildings, or Contaminate may cause inaccurate times.
  • Supply counts are checked every 10 seconds.